 Dungeon Crawl Stone Soup version 0.20-a0-555-gf6ae02d (webtiles) character file.

382798 azzole the Peltast (level 22, -15/105 HPs)
             Began as a Vine Stalker Fighter on Feb 3, 2017.
             Was the Champion of Okawaru.
             Demolished by an ancient champion
             ... wielding a +3 great mace of pain
              (18 damage)
             ... on level 1 of the Crypt on Feb 5, 2017.
             The game lasted 03:58:09 (46250 turns).

azzole the Peltast (Vine Stalker Fighter)          Turns: 46250, Time: 03:58:10

Health: -15/105    AC: 23    Str: 35    XL:     22   Next: 92%
Magic:  0/45       EV: 24    Int: 18    God:    Okawaru [******]
Gold:   3057       SH: 18    Dex: 25    Spells: 7/39 levels left

rFire    + + +     SeeInvis .   I - +4 eveningstar (holy)
rCold    + + .     Gourm    .   Z - +0 fire dragon scales
rNeg     . . .     Faith    .   b - +2 shield of Resistance {rF+ rC+ MR+}
rPois    +         Spirit   +   u - +2 helmet {Int+3}
rElec    +         Reflect  .   G - +2 cloak of Bajiwil {rC+ Dex+4}
rCorr    .         Harm     .   (no gloves)
MR       ++++.                  Y - +2 pair of boots of the Barnacle {rElec rPois Int+4}
Stlth    +++.......             d - amulet of magic regeneration
Regen    1.1/turn               H - ring "Ninaq" {MP+9 Str+10}
                                K - ring "Qyergh" {*Slow +Inv MR+ Str+3 Stlth-}

@: agile, about to teleport, drained
A: fangs 3, clumsy 1, cold resistance 1, regeneration 2, wild magic 1, magic
shield, antimagic bite, no potion heal 3, rot immunity
}: 2/15 runes: decaying, serpentine
a: Heroism, Finesse, Renounce Religion, Evoke Invisibility


You were on level 1 of the Crypt.
You worshipped Okawaru.
Okawaru was exalted by your worship.
You were full.

You visited 9 branches of the dungeon, and saw 42 of its levels.
You also visited: Sewer, Ice Cave and Wizlab.

You collected 5466 gold pieces.
You spent 2409 gold pieces at shops.

Inventory:

Hand Weapons
 a - the +11 dagger of Nufony {flame, rF+ Stlth+}
   (Okawaru gifted it to you on level 8 of the Dungeon)

   It has been specially enchanted to burn those struck by it, causing extra
   injury to most foes and up to half again as much damage against particularly
   susceptible opponents.
   It protects you from fire.
   It makes you more stealthy.
 m - a +0 demon whip of pain
 p - a +1 demon whip of flaming
 x - a +4 short sword of speed
 I - a +4 eveningstar of holy wrath (weapon)
Missiles
 r - 8 javelins of returning (quivered)
Armour
 b - the +2 shield of Resistance (worn) {rF+ rC+ MR+}
   (You bought it in a shop on level 2 of the Orcish Mines)

   It protects you from fire.
   It protects you from cold.
   It affects your resistance to hostile enchantments.
 u - a +2 helmet of intelligence (worn)
 G - the +2 cloak of Bajiwil (worn) {rC+ Dex+4}
   (Okawaru gifted it to you on level 3 of the Lair of Beasts)

   It affects your dexterity (+4).
   It protects you from cold.
 Y - the +2 pair of boots of the Barnacle (worn) {rElec rPois Int+4}
   (Okawaru gifted it to you on level 4 of the Vaults)

   It affects your intelligence (+4).
   It insulates you from electricity.
   It protects you from poison.
 Z - +0 fire dragon scales (worn)
Jewellery
 d - an amulet of magic regeneration (around neck)
 k - a +3 ring of slaying
 H - the ring "Ninaq" (right hand) {MP+9 Str+10}
   (You found it in an ice cave)

   [ring of magical power]

   It affects your strength (+10).
   It affects your magic capacity (+9).
 K - the ring "Qyergh" (left hand) {*Slow +Inv MR+ Str+3 Stlth-}
   (You found it on level 12 of the Dungeon)

   [ring of loudness]

   It affects your strength (+3).
   It affects your resistance to hostile enchantments.
   It lets you turn invisible.
   It may slow you when you take damage.
   It makes you less stealthy.
Wands
 c - a wand of confusion (6/48)
 w - a wand of acid (3/15)
 y - a wand of clouds (2/9)
 D - a wand of digging (9/24)
 F - a wand of disintegration (10/24)
 R - a wand of lightning (5/15)
 W - a wand of paralysis (20/24)
Scrolls
 f - 2 scrolls of summoning
 g - 9 scrolls of remove curse
 j - 4 scrolls of fog
 v - 2 scrolls of recharging
 z - 11 scrolls of identify
 B - 5 scrolls of magic mapping
 E - 3 scrolls of teleportation
 M - a scroll of silence
 V - a scroll of fear
Potions
 e - 29 potions of curing
 h - 10 potions of flight
 A - 11 potions of haste
 C - 6 potions of agility
 N - 3 potions of resistance
 Q - 2 potions of might
 T - 2 potions of cancellation
Miscellaneous
 o - a fan of gales
 q - a lamp of fire
 s - a phantom mirror
 P - a lightning rod (inert)
 S - a box of beasts
Comestibles
 i - 12 royal jellies
 l - a bread ration
 t - 18 meat rations


   Skills:
 - Level 7.2(6.2) Fighting
 - Level 10.0(9.3) Short Blades
   Level 4.1(6.7) Long Blades
 + Level 8.7(7.8) Maces & Flails
   Level 1.7(4.8) Staves
 - Level 5.0(4.1) Throwing
 - Level 13.3(12.2) Armour
 - Level 10.4(9.3) Dodging
 - Level 8.4(7.4) Stealth
 - Level 15.1(13.9) Shields
 - Level 2.6(1.7) Unarmed Combat
 - Level 9.4(8.4) Spellcasting
 - Level 2.2(1.3) Conjurations
 - Level 4.0(3.1) Charms
 - Level 9.2(8.2) Summonings
 - Level 14.0(12.8) Necromancy
 - Level 2.4(1.5) Translocations
   Level 5.1(4.2) Ice Magic
 - Level 9.5(8.5) Air Magic
 - Level 2.2(1.3) Poison Magic
 - Level 10.0(9.0) Invocations
 - Level 10.0(9.0) Evocations


You had 7 spell levels left.
You knew the following spells:

 Your Spells              Type           Power        Failure   Level  Hunger
a - Animate Skeleton      Necr           N/A          1%          1    None
b - Regeneration          Chrm/Necr      #####.....   3%          3    None
c - Vampiric Draining     Necr           ######....   1%          3    None
d - Summon Lightning Spi  Summ/Air       #####...     12%         4    ###....
f - Repel Missiles        Chrm/Air       #####.       6%          2    None
g - Blink                 Tloc           N/A          24%         2    None
h - Mephitic Cloud        Conj/Pois/Air  ####....     21%         3    None
i - Animate Dead          Necr           N/A          2%          4    ###....
j - Passage of Golubria   Tloc           N/A          94%         4    ###....
k - Death Channel         Necr           ######....   24%         6    ######.


Dungeon Overview and Level Annotations

Branches:
Dungeon (15/15)              Lair (6/6) D:8           Swamp (4/4) Lair:2
  Snake (4/4) Lair:3        Slime (0/5) Lair:5          Orc (2/2) D:9
    Elf (3/3) Orc:2        Vaults (4/5) D:13          Crypt (1/3) Vaults:3
 Depths (3/5) D:15
 Temple: D:4-7

Altars:
Kikubaaqudgha
Okawaru
Uskayaw
Yredelemnul
The Shining One
Beogh

Shops:
D:9 !   D:13 !   Orc:2 [((([   Elf:3 :   Snake:1 =[[}   Snake:2 !   Snake:4 }==
Vaults:1 *   Vaults:3 ?   Vaults:4 (   Depths:1 }

Portals:
Hell: Depths:1 Depths:2 Depths:3
Abyss: Depths:2
Pandemonium: Depths:3
Ziggurat: Depths:1


Innate Abilities, Weirdness & Mutations

You have razor-sharp teeth.
You heal very quickly.
When hurt, damage is shared between your health and your magic reserves.
Your bite disrupts and absorbs the magic of your enemies.
Potions cannot restore your health.
You are immune to rotting.
You are clumsy. (Dex -2)
Your flesh is cold resistant. (rC+)
Your spells are a little harder to cast, but a little more powerful.


Message History

The ghoul completely misses you.
The ancient champion gestures at you while chanting.
The bolt of negative energy hits you!
You feel drained.
* * * LOW HITPOINT WARNING * * *
The bolt of negative energy hits the ghoul.
The ghoul completely resists.
You block the phantasmal warrior's attack.
As you read the scroll of fear, it crumbles to dust.
You assume a fearsome visage.
The ancient champion is unaffected.
The phantasmal warrior is unaffected.
The necrophage is unaffected.
The ghoul is unaffected. x2; The quokka zombie is unaffected.
The ancient champion hits you but does no damage.
You writhe in agony.
* * * LOW HITPOINT WARNING * * *
You block the ghoul's attack. The ghoul barely misses you.
The phantasmal warrior barely misses you.
The ghoul claws you but does no damage. You block the ghoul's attack.
You feel agile all of a sudden.
The ancient champion hits you with a great mace of pain!!
You die...

##....##
#...###..####
##......# #######.##
.#.......## #..#
..........## ##.##
.....n.....#
#..######
...........#
#..##....
.....n....#####
#.)......
....n....#.ZzW#
#........
.......ZW.###@##
##....... ...:...#.##
#nn### #.......
......##.# ##n..##
#....... ......
..####.....# ##......
#....##..##.†.....##
#......
##..##.............##
#>..... ##.
...............#
...............# ##
..#............# #.


You could see 2 ghouls, an ancient champion, a phantasmal warrior, a necrophage
and a quokka zombie.

Vanquished Creatures
  A Hellbinder (WizLab)
  Jorgrun (Vaults:1)
  Rupert (Lair:5)
  A tentacled monstrosity (Swamp:4)
  2 liches
  Asterion (Snake:4)
  2 sphinxes
  3 thorn hunters
  Donald (Vaults:3)
  10 nagarajas
  The ghost of eskilway the Severer, a journeyman MiBe of Trog (Swamp:4)
  3 frost giants
  A fire giant (Depths:3)
  9 vault wardens
  An iron dragon (Depths:2)
  An orc warlord (Orc:2)
  2 balrugs
  2 ghouls (Crypt:1)
  Louise (Swamp:4)
  2 cacodemons (WizLab)
  9 ironheart preservers
  12 very ugly things
  A reaper (Crypt:1)
  3 vampire knights
  2 deep elf demonologists (Vaults:1)
  8 stone giants
  A lorocyproca (WizLab)
  The ghost of haldagan the Protected, a journeyman HOMo of Beogh (IceCv)
  7 spark wasps
  2 eidola (Crypt:1)
  A green death (WizLab)
  Josephine (D:12)
  3 ettins
  2 deep elf death magi
  5 jiangshi (Crypt:1)
  3 fire dragons
  7 yaktaur captains
  4 rakshasas
  A deep elf high priest (Elf:1)
  A ghost crab (Swamp:3)
  14 hydras
  3 great orbs of eyes
  10 vault guards
  3 hell beasts (WizLab)
  7 ice dragons
  12 naga warriors
  7 centaur warriors
  11 anacondas
  2 spriggan air magi (Depths:2)
  Erica (Lair:1)
  The ghost of lollipopman the Fighter, a novice HOFi of Beogh (D:9)
  2 death knights
  36 two-headed ogres
  23 dancing weapons
  2 deep troll shamans
  7 alligators
  A vampire mage (Crypt:1)
  13 ogre magi
  A soul eater (WizLab)
  2 orc high priests (Orc:2)
  A spriggan berserker (Depths:2)
  9 tengu warriors
  Urug (Lair:3)
  11 naga sharpshooters
  A sun demon (WizLab)
  9 shock serpents
  7 deep troll earth magi
  4 spriggans
  17 deep elf knights
  8 salamander mystics
  4 iron trolls (Depths:2)
  An iron giant zombie (Crypt:1)
  The ghost of Pr0man the Carver, a novice DsGl of Okawaru (D:8)
  A fire crab (shapeshifter) (Vaults:3)
  9 skeletal warriors
  13 deep trolls
  A shadow wraith (Vaults:4)
  An anaconda zombie (Crypt:1)
  7 swamp dragons
  A spriggan druid (Swamp:3)
  2 shambling mangroves
  The ghost of M4edhros the Covert, a novice OpAr of Fedhas (D:7)
  A flayed ghost (Crypt:1)
  4 necromancers
  3 glowing orange brains
  3 wizards
  10 deep elf archers
  A wolf spider zombie (D:13)
  6 naga ritualists
  5 lindwurms
  3 phantasmal warriors
  4 orc sorcerers
  7 mana vipers (Snake:4)
  7 ironbrand convokers
  9 orc knights
  5 manticores
  A mana viper (shapeshifter) (Depths:2)
  An orb spider (shapeshifter) (Vaults:2)
  33 ugly things
  2 cyclopes
  5 wolf spiders
  9 elephants
  45 deep elf magi
  9 salamanders
  A fire giant skeleton (Crypt:1)
  Maurice (Orc:2)
  2 ice statues (IceCv)
  8 guardian serpents
  A smoke demon (Depths:3)
  An eye of devastation (shapeshifter) (Depths:2)
  3 orange demons
  Joseph (D:9)
  6 vault sentinels
  44 black mambas
  16 naga magi
  2 centaur skeletons
  A titan simulacrum (Crypt:1)
  23 spiny frogs
  2 gargoyles
  A hellion (WizLab)
  A grey draconian zombie (Crypt:1)
  7 komodo dragons
  27 yaktaurs
  3 kobold demonologists
  5 rime drakes
  4 freezing wraiths
  A yaktaur (shapeshifter) (D:15)
  A tengu conjurer (Depths:1)
  A yaktaur skeleton (Depths:1)
  An efreet (D:14)
  2 ice devils
  A polar bear (shapeshifter) (Depths:2)
  A merfolk (D:11)
  A polar bear (Lair:5)
  10 hornets
  6 trolls
  5 red devils
  A troll (shapeshifter) (D:14)
  A hippogriff (shapeshifter) (Vaults:1)
  A fire dragon zombie (Crypt:1)
  20 slime creatures
  8 tyrant leeches
  8 hippogriffs
  3 blink frogs (Lair:3)
  A blink frog (shapeshifter) (Elf:1)
  A bog body (Swamp:2)
  6 dream sheep (Lair:4)
  5 air elementals (Depths:2)
  8 flying skulls (Crypt:1)
  A redback (shapeshifter) (Elf:2)
  A redback (Lair:6)
  2 ynoxinuls (WizLab)
  2 ettin skeletons (Crypt:1)
  4 shadows
  7 wraiths
  A yak (shapeshifter) (Vaults:4)
  8 wyverns (Lair:6)
  Eustachio (D:6)
  3 fire elementals
  29 yaks
  4 basilisks
  A hungry ghost (D:13)
  A steam dragon (Swamp:4)
  A warg (shapeshifter) (Depths:3)
  Menkaure (D:5)
  17 vampire mosquitoes
  2 hogs (shapeshifter)
  4 insubstantial wisps (Swamp:4)
  2 wargs
  The ghost of M4edhros the Vandal, an amateur OpAr (Sewer)
  22 swamp worms
  36 nagas
  A soldier ant (D:12)
  3 soldier ants (shapeshifter)
  A floating eye (Depths:1)
  15 water moccasins
  12 porcupines
  2 acid dragons
  A floating eye (shapeshifter) (Vaults:4)
  32 orc warriors
  9 swamp drakes
  18 ice beasts
  4 sky beasts
  4 black bears
  An eye of draining (shapeshifter) (D:15)
  22 ogres
  4 wolves (D:8)
  11 boggarts
  2 eyes of draining
  A phantom (D:12)
  14 centaurs
  A crocodile (shapeshifter) (Depths:3)
  A big kobold (shapeshifter) (Depths:2)
  15 crocodiles
  3 big kobolds
  22 bullfrogs
  A gnoll sergeant (Orc:2)
  2 earth elementals
  5 scorpions
  8 wights
  7 killer bees
  2 electric eels
  8 howler monkeys
  8 crimson imps
  4 centaur zombies
  2 quasits
  4 hounds
  An iron imp (Depths:3)
  4 jellies
  22 orc priests
  4 bullfrog skeletons
  Jessica (D:2)
  2 iguanas
  Ijyb (D:3)
  35 orc wizards
  2 hell rats (Lair:4)
  8 worker ants
  A big kobold zombie (Crypt:1)
  A crocodile skeleton (Crypt:1)
  A felid skeleton (Crypt:1)
  A hound zombie (D:10)
  8 gnolls
  21 adders
  15 river rats
  7 shadow imps
  2 white imps (Depths:3)
  3 adder skeletons
  An adder zombie (D:6)
  2 worms
  3 dart slugs
  5 leopard geckos
  124 orcs
  8 bats
  6 giant cockroaches
  13 goblins
  8 hobgoblins
  12 jackals
  2 quokkas (D:2)
  14 ball pythons
  2 frilled lizards
  A frilled lizard zombie (Crypt:1)
  A jackal skeleton (Crypt:1)
  18 kobolds
  A leopard gecko skeleton (D:4)
  31 rats
  3 briar patches (Swamp:3)
  A plant (Lair:6)
1611 creatures vanquished.

Vanquished Creatures (collateral kills)
  A golden dragon (Depths:2)
  A tentacled monstrosity (Depths:2)
  The ghost of Lahna the Warrior, an adept DsGl of Okawaru (Depths:3)
  A fire giant (Vaults:2)
  Aizul (Vaults:1)
  2 stone giants
  An entropy weaver (Vaults:3)
  2 very ugly things (Depths:1)
  A vampire knight (Depths:3)
  2 spark wasps (Depths:2)
  A fire dragon (Swamp:4)
  A great orb of eyes (Depths:1)
  A yaktaur captain (Depths:2)
  A vault guard (Vaults:3)
  A rakshasa (Depths:1)
  3 hydras
  5 two-headed ogres
  3 ogre magi
  A deep troll shaman (Depths:2)
  2 centaur warriors
  A deep troll earth mage (Depths:1)
  An orc high priest (Orc:2)
  3 naga sharpshooters (Snake:4)
  A deep elf knight (Elf:1)
  A fire crab (Swamp:4)
  A spark wasp zombie (Depths:1)
  3 deep trolls
  A glowing orange brain (Depths:1)
  2 lindwurms (Swamp:4)
  3 swamp dragons (Swamp:4)
  A phantasmal warrior (Depths:3)
  A wolf spider (Lair:6)
  2 deep elf magi
  An orc sorcerer (Orc:2)
  7 ugly things
  An iron dragon skeleton (Depths:1)
  2 elephants (Lair:3)
  2 vault sentinels (Vaults:4)
  A stone giant skeleton (Depths:1)
  3 naga magi (Snake:4)
  3 black mambas
  5 spiny frogs
  6 yaktaurs
  A komodo dragon (Swamp:1)
  A tyrant leech (Swamp:2)
  3 slime creatures (Depths:2)
  A bog body (Swamp:4)
  A wyvern (Lair:6)
  A hog (shapeshifter) (Depths:2)
  3 steam dragons (Swamp:4)
  4 vampire mosquitoes
  5 swamp worms (Swamp:4)
  5 nagas
  3 water moccasins (Lair:6)
  A floating eye (Depths:1)
  4 swamp drakes
  A tengu skeleton (Depths:1)
  4 orc warriors
  3 ogres
  A centaur (Vaults:4)
  A crocodile (D:13)
  A boggart (Depths:1)
  2 orc priests (D:9)
  8 orcs
  A kobold (D:11)
  2 fungi (Lair:6)
  4 plants (Lair:6)
145 creatures vanquished.

Vanquished Creatures (others)
  An ironheart preserver (Vaults:3)
  2 naga sharpshooters (Snake:4)
  A deep troll (Depths:1)
  A phantasmal warrior (Depths:3)
  A troll (Orc:2)
  A tengu conjurer (Depths:1)
  A tyrant leech (Swamp:4)
  A slime creature (Depths:1)
  A vampire mosquito (Swamp:4)
  A steam dragon (Swamp:4)
  A swamp worm (Swamp:3)
  4 swamp drakes (Swamp:4)
  A centaur (D:11)
  An orc wizard (D:15)
  An orc (Orc:2)
  4 fungi
  8 plants
31 creatures vanquished.

Grand Total: 1787 creatures vanquished

Notes
Turn   | Place    | Note
-------+----------+-------------------------------------------
     0 | D:1      | azzole the Vine Stalker Fighter began the quest for the Orb.
     0 | D:1      | Reached XP level 1. HP: 11/11 MP: 2/2
   273 | D:1      | Reached XP level 2. HP: 16/16 MP: 3/3
   761 | D:2      | Noticed Jessica
   769 | D:2      | Reached XP level 3. HP: 15/19 MP: 4/4
   770 | D:2      | Killed Jessica
   770 | D:2      | Reached skill level 1 in Stealth
  1085 | D:2      | Gained mutation: Your natural rate of healing is unusually fast. [Vine Stalker growth]
  1085 | D:2      | Reached XP level 4. HP: 19/23 MP: 5/5
  1198 | D:2      | Reached skill level 1 in Dodging
  1386 | D:3      | Noticed Ijyb
  1399 | D:3      | Killed Ijyb
  1399 | D:3      | Reached skill level 1 in Short Blades
  1412 | D:3      | Learned a level 1 spell: Animate Skeleton
  1538 | D:3      | Reached XP level 5. HP: 16/27 MP: 4/6
  2267 | D:3      | Reached XP level 6. HP: 32/32 MP: 7/7
  2439 | D:4      | Found an iron altar of Okawaru.
  2454 | D:4      | Became a worshipper of Warmaster Okawaru
  2860 | D:5      | Entered Level 5 of the Dungeon
  2873 | D:5      | Reached XP level 7. HP: 35/35 MP: 8/8
  3185 | D:5      | Reached * piety under Okawaru
  3185 | D:5      | Reached skill level 5 in Short Blades
  3379 | D:5      | Found Ejawucro's Weapon Shoppe.
  3388 | D:5      | Noticed Menkaure
  3399 | D:5      | Killed Menkaure
  3399 | D:5      | Reached skill level 1 in Throwing
  3700 | D:6      | Gained mutation: You have razor-sharp teeth. [Vine Stalker growth]
  3700 | D:6      | Reached XP level 8. HP: 33/39 MP: 6/9
  3745 | D:6      | Noticed Eustachio
  3806 | D:6      | Killed Eustachio
  3806 | D:6      | Reached ** piety under Okawaru
  4263 | D:6      | Found a glowing drain.
  4270 | Sewer    | Entered a sewer
  4275 | Sewer    | Noticed M4edhros's ghost (amateur OpAr)
  4287 | Sewer    | Killed M4edhros's ghost
  4287 | Sewer    | Reached XP level 9. HP: 28/43 MP: 10/10
  4916 | D:7      | Noticed M4edhros's ghost (novice OpAr)
  4934 | D:7      | Killed M4edhros's ghost
  4934 | D:7      | Reached *** piety under Okawaru
  4941 | D:7      | Found a glowing golden altar of the Shining One.
  4947 | D:7      | Reached skill level 1 in Invocations
  5158 | D:7      | Reached **** piety under Okawaru
  5158 | D:7      | Reached skill level 10 in Short Blades
  5250 | D:7      | Got a slimy lajatang
  5251 | D:7      | Identified the +10 lajatang of Lismoo {venom, Fragile Dex+5} (You found it on level 7 of the Dungeon)
  5472 | D:8      | Reached XP level 10. HP: 37/49 MP: 9/12
  5480 | D:8      | Found a staircase to the Lair.
  5485 | D:8      | Reached skill level 1 in Staves
  5674 | D:8      | Learned a level 3 spell: Regeneration
  5679 | D:8      | Learned a level 3 spell: Vampiric Draining
  5731 | D:8      | Noticed a two-headed ogre
  5735 | D:8      | Noticed Pr0man's ghost (novice DsGl)
  5746 | D:8      | Killed a two-headed ogre
  5757 | D:8      | Killed Pr0man's ghost
  5761 | D:8      | Reached ***** piety under Okawaru
  6192 | D:8      | Received a gift from Okawaru
  6192 | D:8      | Reached skill level 5 in Invocations
  6193 | D:8      | Got a slimy dagger {god gift}
  6194 | D:8      | Identified the +11 dagger of Nufony {flame, rF+ Stlth+} (Okawaru gifted it to you on level 8 of the Dungeon)
  6492 | D:9      | Noticed lollipopman's ghost (novice HOFi)
  6524 | D:9      | Killed lollipopman's ghost
  6524 | D:9      | Reached skill level 5 in Dodging
  6524 | D:9      | Reached skill level 1 in Spellcasting
  6524 | D:9      | Reached skill level 1 in Necromancy
  6524 | D:9      | Reached XP level 11. HP: 32/54 MP: 15/15
  6583 | D:9      | Reached skill level 5 in Stealth
  6755 | D:9      | Noticed a two-headed ogre
  6762 | D:9      | Killed a two-headed ogre
  6832 | D:9      | Found Umehuqavugh's Distillery.
  6857 | D:9      | Noticed Joseph
  6878 | D:9      | Killed Joseph
  6914 | D:9      | Bought a potion of haste for 130 gold pieces
  6914 | D:9      | Bought a potion of agility for 52 gold pieces
  6914 | D:9      | Bought a potion of might for 52 gold pieces
  6914 | D:9      | Bought a potion of haste for 130 gold pieces
  7189 | D:9      | Found a staircase to the Orcish Mines.
  7307 | D:10     | Entered Level 10 of the Dungeon
  7626 | D:10     | Noticed a two-headed ogre
  7628 | D:10     | Killed a two-headed ogre
  7912 | D:10     | Reached skill level 1 in Evocations
  7918 | D:10     | Received a gift from Okawaru
  7927 | D:10     | Got a twisted short sword {god gift}
  7928 | D:10     | Identified the +6 short sword of a Thousand Seas {antimagic, *Contam Fragile Str+8 Int+6} (Okawaru gifted it to you on level 10 of the Dungeon)
  8046 | D:10     | Gained mutation: Scrolls take you a little longer to read. [mutagenic glow]
  8153 | D:10     | Gained mutation: Your magical capacity is low. (-10% MP) [mutagenic glow]
  8256 | D:10     | Gained mutation: Your spells are a little harder to cast, but a little more powerful. [potion of mutation]
  8256 | D:10     | Gained mutation: You expend magic power (3 MP) to strengthen your wands. [potion of mutation]
  8256 | D:10     | Gained mutation: Your spells are harder to cast, but more powerful. [potion of mutation]
  8387 | Lair:1   | Entered Level 1 of the Lair of Beasts
  8571 | Lair:1   | Gained mutation: Your flesh is cold resistant. (rC+) [potion of mutation]
  8571 | Lair:1   | Gained mutation: Scrolls take you longer to read. [potion of mutation]
  8571 | Lair:1   | Gained mutation: You have a pair of small horns on your head. [potion of mutation]
  8766 | Lair:1   | Noticed Erica
  8802 | Lair:1   | Killed Erica
  8802 | Lair:1   | Reached skill level 3 in Shields
  8847 | Lair:1   | Gained mutation: You heal very quickly. [Vine Stalker growth]
  8847 | Lair:1   | Reached XP level 12. HP: 58/58 MP: 15/15
  9399 | Lair:2   | Found a frozen archway.
  9402 | Lair:2   | Received a gift from Okawaru
  9424 | IceCv    | Entered an ice cave
  9431 | IceCv    | Reached ****** piety under Okawaru
  9577 | IceCv    | Reached skill level 1 in Charms
  9601 | IceCv    | Received a gift from Okawaru
  9601 | IceCv    | Reached skill level 1 in Unarmed Combat
  9620 | IceCv    | Got a polished quick blade {god gift}
  9621 | IceCv    | Identified the +1 quick blade of the End of Times {pierce, rC- rN+ Str+4} (Okawaru gifted it to you in an ice cave)
  9624 | IceCv    | Noticed haldagan's ghost (journeyman HOMo)
  9665 | IceCv    | HP: 1/58 [haldagan's ghost (7)]
  9667 | IceCv    | Killed haldagan's ghost
  9764 | IceCv    | Reached skill level 4 in Shields
 10000 | IceCv    | Noticed an ice dragon
 10005 | IceCv    | Noticed an ice dragon
 10018 | IceCv    | Killed an ice dragon
 10018 | IceCv    | Reached skill level 5 in Shields
 10026 | IceCv    | Killed an ice dragon
 10053 | IceCv    | Got a glittering marble ring
 10068 | IceCv    | Identified the ring "Ninaq" {MP+9 Str+10} (You found it in an ice cave)
 10072 | IceCv    | Got a steaming copper ring
 10074 | IceCv    | Identified the ring of the Trilobite {rF+ Dex+4} (You found it in an ice cave)
 10293 | Lair:2   | Received a gift from Okawaru
 10293 | Lair:2   | Reached skill level 6 in Shields
 10466 | D:8      | Learned a level 4 spell: Summon Lightning Spire
 10471 | D:8      | Learned a level 4 spell: Summon Ice Beast
 10481 | D:8      | Noticed a two-headed ogre
 10489 | D:8      | Killed a two-headed ogre
 10489 | D:8      | Reached skill level 1 in Summonings
 10489 | D:8      | Reached skill level 1 in Air Magic
 10566 | Orc:1    | Entered Level 1 of the Orcish Mines
 10736 | Orc:2    | Entered Level 2 of the Orcish Mines
 10736 | Orc:2    | Found a roughly hewn altar of Beogh.
 10819 | Orc:2    | Found a staircase to the Elven Halls.
 10866 | Orc:2    | Found a roughly hewn altar of Beogh.
 11062 | Orc:2    | Received a gift from Okawaru
 11109 | Orc:2    | Found a roughly hewn altar of Beogh.
 11109 | Orc:2    | Found Joataf's Weapon Shoppe.
 11128 | Orc:2    | Reached XP level 13. HP: 59/63 MP: 16/16
 11175 | Orc:2    | Found Aresayl's Armour Emporium.
 11178 | Orc:2    | Bought the +2 shield of Resistance {rF+ rC+ MR+} for 493 gold pieces
 11239 | Orc:2    | Noticed Maurice
 11248 | Orc:2    | Killed Maurice
 11440 | Orc:2    | Found a roughly hewn altar of Beogh.
 11470 | Orc:2    | Found a roughly hewn altar of Beogh.
 11552 | Orc:2    | Received a gift from Okawaru
 11560 | Orc:2    | Found a roughly hewn altar of Beogh.
 11582 | Orc:2    | Reached skill level 7 in Shields
 11583 | Orc:2    | Found Poecuent's Antique Weapon Shop.
 11669 | Orc:2    | Noticed an orc warlord
 11670 | Orc:2    | Received a gift from Okawaru
 11691 | Orc:2    | Killed an orc warlord
 11691 | Orc:2    | Received a gift from Okawaru
 11691 | Orc:2    | Reached skill level 8 in Shields
 11761 | Orc:2    | Found Oshriffa's Antique Armour Shoppe.
 11762 | Orc:2    | Found a roughly hewn altar of Beogh.
 11763 | Orc:2    | Found Viciesch's Antique Weapon Emporium.
 12118 | D:9      | Reached skill level 9 in Shields
 12237 | Lair:3   | Found a staircase to the Snake Pit.
 12279 | Lair:3   | Gained mutation: You are clumsy. (Dex -2) [potion of mutation]
 12279 | Lair:3   | Lost mutation: Scrolls take you longer to read. [potion of mutation]
 12430 | Lair:3   | Noticed Urug
 12443 | Lair:3   | Killed Urug
 12457 | Lair:3   | Got a distressingly furry leather armour
 12468 | Lair:3   | Identified the cursed +1 leather armour of Evolution {rC++ MR+ Regen+ SInv} (You found it on level 3 of the Lair of Beasts)
 12685 | Lair:3   | Reached skill level 10 in Shields
 13095 | Lair:3   | Received a gift from Okawaru
 13098 | Lair:3   | Got a distressingly furry cloak {god gift}
 13113 | Lair:3   | Identified the +2 cloak of Bajiwil {rC+ Dex+4} (Okawaru gifted it to you on level 3 of the Lair of Beasts)
 13472 | Lair:4   | Reached skill level 11 in Shields
 13587 | Lair:4   | Reached skill level 1 in Maces & Flails
 13654 | Lair:4   | Reached XP level 14. HP: 67/67 MP: 17/17
 14161 | Lair:5   | Noticed Rupert
 14174 | Lair:5   | Killed Rupert
 14174 | Lair:5   | Reached skill level 12 in Shields
 14545 | Lair:5   | Found a staircase to the Slime Pits.
 14591 | Lair:5   | Lost mutation: Scrolls take you a little longer to read. [potion of cure mutation]
 14591 | Lair:5   | Lost mutation: You have a pair of small horns on your head. [potion of cure mutation]
 14591 | Lair:5   | Lost mutation: Your magical capacity is low. (-10% MP) [potion of cure mutation]
 14591 | Lair:5   | Lost mutation: You expend magic power (3 MP) to strengthen your wands. [potion of cure mutation]
 14754 | Lair:6   | Entered Level 6 of the Lair of Beasts
 14878 | Lair:6   | Received a gift from Okawaru
 15004 | Lair:6   | Reached skill level 13 in Shields
 15101 | Lair:6   | Reached skill level 5 in Throwing
 16240 | D:11     | Reached skill level 14 in Shields
 16448 | D:11     | Reached skill level 5 in Fighting
 17145 | D:11     | Received a gift from Okawaru
 17404 | D:12     | Reached XP level 15. HP: 73/73 MP: 19/19
 17515 | D:12     | Got a warped brass ring
 17516 | D:12     | Identified the ring "Qyergh" {*Slow +Inv MR+ Str+3 Stlth-} (You found it on level 12 of the Dungeon)
 17736 | D:12     | Noticed Josephine
 17746 | D:12     | Killed Josephine
 18057 | D:13     | Found a gate to the Vaults.
 18079 | D:13     | Reached skill level 5 in Evocations
 18290 | D:13     | Found Besmu's Distillery.
 18298 | D:13     | Bought 2 potions of resistance for 280 gold pieces
 18298 | D:13     | Bought 2 potions of haste for 280 gold pieces
 18298 | D:13     | Bought a potion of agility for 56 gold pieces
 18298 | D:13     | Bought a potion of invisibility for 112 gold pieces
 19102 | D:14     | Received a gift from Okawaru
 19112 | D:14     | Got a dazzling hat {god gift}
 19123 | D:14     | Identified the +2 hat of the Blessed Realm {Str+3} (Okawaru gifted it to you on level 14 of the Dungeon)
 19351 | D:14     | Found a hide-covered altar of Uskayaw.
 19660 | D:14     | Learned a level 2 spell: Repel Missiles
 19780 | D:15     | Entered Level 15 of the Dungeon
 19832 | D:15     | Reached skill level 5 in Spellcasting
 19837 | D:15     | Learned a level 2 spell: Blink
 19841 | D:15     | Learned a level 3 spell: Mephitic Cloud
 19905 | D:15     | Found a staircase to the Depths.
 19936 | D:15     | Reached skill level 1 in Conjurations
 20025 | D:15     | Reached skill level 1 in Translocations
 20309 | D:15     | Reached skill level 1 in Poison Magic
 20309 | D:15     | Reached XP level 16. HP: 77/77 MP: 24/24
 20442 | D:15     | Received a gift from Okawaru
 20736 | Snake:1  | Entered Level 1 of the Snake Pit
 21042 | Snake:1  | Received a gift from Okawaru
 21062 | Snake:1  | Found Nifuekan's Gadget Boutique.
 21062 | Snake:1  | Found Wuomup Mung's Jewellery Shop.
 21063 | Snake:1  | Found Xaymaughet's Armour Shop.
 21065 | Snake:1  | Found Odenid's Armour Boutique.
 21506 | Snake:2  | Reached skill level 5 in Summonings
 21575 | Snake:2  | Reached skill level 5 in Air Magic
 21868 | Snake:2  | Found Pehen's Distillery.
 22233 | Snake:3  | Noticed a nagaraja
 22248 | Snake:3  | Killed a nagaraja
 22851 | Snake:4  | Entered Level 4 of the Snake Pit
 22863 | Snake:4  | Received a gift from Okawaru
 22882 | Snake:4  | Got a pair of warped boots {god gift}
 22893 | Snake:4  | Identified the +0 pair of boots of the Skies Above {rN+} (Okawaru gifted it to you on level 4 of the Snake Pit)
 22919 | Snake:4  | Noticed a nagaraja
 22936 | Snake:4  | Killed a nagaraja
 23272 | Snake:4  | Reached XP level 17. HP: 81/81 MP: 25/25
 23522 | Snake:4  | Upgraded the game from 0.20-a0-551-gc8f91ca to 0.20-a0-555-gf6ae02d
 23611 | Snake:4  | Found Viconn's Gadget Emporium.
 23611 | Snake:4  | Found Zexaism's Jewellery Boutique.
 23612 | Snake:4  | Found Nietareg's Jewellery Boutique.
 23623 | Snake:4  | Bought a wand of iceblast (6/15) for 150 gold pieces
 23692 | Snake:4  | Noticed Asterion
 23914 | Snake:4  | Killed Asterion
 24343 | Snake:4  | Reached skill level 1 in Ice Magic
 25013 | Snake:4  | Received a gift from Okawaru
 25126 | Snake:4  | Reached skill level 5 in Ice Magic
 25152 | Snake:4  | Received a gift from Okawaru
 25547 | Snake:4  | Received a gift from Okawaru
 25591 | Snake:4  | Received a gift from Okawaru
 25659 | Snake:4  | Reached skill level 15 in Shields
 26089 | Snake:4  | Reached XP level 18. HP: 78/87 MP: 28/28
 26236 | Snake:4  | Got a serpentine rune of Zot
 26638 | Lair:2   | Found a staircase to the Swamp.
 26765 | Swamp:1  | Entered Level 1 of the Swamp
 27110 | Swamp:1  | You fall through a shaft!
 27429 | Swamp:2  | Identified 3 scrolls of acquirement
 27787 | Swamp:2  | Received a gift from Okawaru
 27795 | Swamp:2  | Got a faintly glowing dagger {god gift}
 27796 | Swamp:2  | Identified the +0 dagger "Couv" {vamp, rN+ Str+3 Int-2} (Okawaru gifted it to you on level 2 of the Swamp)
 28205 | Swamp:3  | Paralysed by a hornet for 1 turns
 28495 | Swamp:1  | Reached skill level 10 in Evocations
 28938 | D:8      | Learned a level 4 spell: Animate Dead
 29185 | Vaults:1 | Entered Level 1 of the Vaults
 29253 | Vaults:1 | Noticed Jorgrun
 29257 | Vaults:1 | Noticed Aizul
 29273 | Vaults:1 | Killed Jorgrun
 29277 | Vaults:1 | Killed Aizul
 29422 | Vaults:1 | Found Ruimp's Assorted Antiques.
 29430 | Vaults:1 | Bought a scroll of identify for 70 gold pieces
 29456 | Vaults:1 | Received a gift from Okawaru
 29725 | Vaults:1 | Received a gift from Okawaru
 30069 | Vaults:1 | Reached skill level 5 in Armour
 30618 | Vaults:2 | Reached skill level 10 in Dodging
 30896 | Vaults:2 | Reached skill level 5 in Necromancy
 31466 | Vaults:2 | Reached XP level 19. HP: 92/92 MP: 31/31
 31484 | Vaults:2 | Noticed a lich
 31513 | Vaults:2 | Killed a lich
 31925 | Vaults:3 | Received a gift from Okawaru
 31958 | Vaults:3 | Received a gift from Okawaru
 32329 | Vaults:3 | Noticed Donald
 32339 | Vaults:3 | Killed Donald
 32415 | Vaults:3 | Reached skill level 10 in Necromancy
 32743 | Vaults:3 | Found Lexkeeb's Magic Scroll Emporium.
 32816 | Vaults:3 | Received a gift from Okawaru
 33012 | Vaults:3 | Found a staircase to the Crypt.
 33012 | Vaults:3 | Found an ancient bone altar of Kikubaaqudgha.
 33013 | Vaults:3 | Found a basalt altar of Yredelemnul.
 33253 | Vaults:3 | Bought a scroll of identify for 22 gold pieces
 33253 | Vaults:3 | Bought a scroll of identify for 22 gold pieces
 33600 | Vaults:3 | Received a gift from Okawaru
 33756 | Vaults:3 | Got a brightly glowing demon whip {god gift}
 33757 | Vaults:3 | Identified the +1 demon whip of Massacring {slash, *Rage rN+ Int+4} (Okawaru gifted it to you on level 3 of the Vaults)
 34058 | Vaults:4 | Reached XP level 20. HP: 81/97 MP: 32/32
 34434 | Vaults:4 | Reached skill level 10 in Armour
 34444 | Vaults:4 | Found Ynaotom's Antique Weapon Shop.
 34485 | Vaults:4 | Received a gift from Okawaru
 34499 | Vaults:4 | Got a pair of fine boots {god gift}
 34510 | Vaults:4 | Identified the +2 pair of boots of the Barnacle {rElec rPois Int+4} (Okawaru gifted it to you on level 4 of the Vaults)
 34880 | Vaults:4 | Got a steaming chain mail
 34891 | Vaults:4 | Identified the cursed +1 chain mail "Xaloa" {Str+4} (You found it on level 4 of the Vaults)
 35458 | Vaults:4 | Learned a level 4 spell: Passage of Golubria
 36662 | Swamp:4  | Entered Level 4 of the Swamp
 36693 | Swamp:4  | Noticed eskilway's ghost (journeyman MiBe)
 36907 | Swamp:4  | Killed eskilway's ghost
 37050 | Swamp:4  | Received a gift from Okawaru
 37161 | Swamp:4  | Received a gift from Okawaru
 37162 | Swamp:4  | Got an ebony falchion {god gift}
 37175 | Swamp:4  | Got a decaying rune of Zot
 37176 | Swamp:4  | Identified the +3 falchion "Ocenerok" {flame, rN+} (Okawaru gifted it to you on level 4 of the Swamp)
 37234 | Swamp:4  | Noticed Louise
 37251 | Swamp:4  | Killed Louise
 37917 | Elf:1    | Entered Level 1 of the Elven Halls
 38056 | Elf:1    | Found a magical portal.
 38087 | WizLab   | Entered The Hall of the Hellbinder
 38104 | WizLab   | Lost mutation: Your spells are harder to cast, but more powerful. [a cacodemon]
 38430 | WizLab   | Reached XP level 21. HP: 79/100 MP: 33/33
 38711 | WizLab   | Noticed Rufohit
 38713 | WizLab   | Found a burning altar of Makhleb.
 38728 | WizLab   | Killed Rufohit the Hellbinder
 38775 | WizLab   | Identified Fin Ron's Almanac of the Three Hells
 38781 | WizLab   | Identified the Tome of Calling
 39234 | Elf:1    | Received a gift from Okawaru
 40092 | Elf:2    | Found a runed gate.
 40092 | Elf:2    | Found a runed gate.
 40093 | Elf:2    | Found a runed gate.
 40323 | Elf:2    | Reached skill level 5 in Maces & Flails
 40506 | Elf:2    | Received a gift from Okawaru
 40740 | Elf:3    | Entered Level 3 of the Elven Halls
 40830 | Elf:3    | Found Beerasche's Book Shoppe.
 41193 | Depths:1 | Entered Level 1 of the Depths
 41269 | Depths:1 | Found a gateway to Hell.
 41511 | Depths:2 | Received a gift from Okawaru
 41524 | Depths:2 | Got a warped shield {god gift}
 41525 | Depths:2 | Identified the +3 shield of Wuuw {rElec Int+5 Dex-4 SInv} (Okawaru gifted it to you on level 2 of the Depths)
 42151 | Depths:2 | Reached XP level 22. HP: 89/105 MP: 35/35
 42318 | Depths:2 | Noticed a golden dragon
 42333 | Depths:2 | Killed a golden dragon
 42344 | Depths:2 | Learned a level 6 spell: Death Channel
 42375 | Depths:2 | Found a one-way gate to the infinite horrors of the Abyss.
 42377 | Depths:2 | Identified Ufemiov's Disquisition on Dusty Dark Rituals
 42582 | Depths:1 | Received a gift from Okawaru
 42601 | Depths:2 | HP: 1/105 [very large slime creature (22)]
 42966 | Depths:2 | Received a gift from Okawaru
 43292 | Depths:1 | Paralysed by a floating eye for 2 turns
 43406 | Depths:1 | Found a gateway to a ziggurat.
 43585 | Depths:1 | Found Pustall's Gadget Emporium.
 43593 | Depths:1 | Bought a lamp of fire for 560 gold pieces
 43910 | Depths:3 | Reached skill level 10 in Invocations
 44001 | Depths:3 | Noticed Lahna's ghost (adept DsGl)
 44014 | Depths:3 | Killed Lahna's ghost
 44568 | Depths:3 | Found a one-way gate leading to the halls of Pandemonium.
 44588 | Depths:3 | Received a gift from Okawaru
 45478 | Crypt:1  | Entered Level 1 of the Crypt
 46000 | Crypt:1  | HP: 3/105 [something (11)]
 46248 | Crypt:1  | HP: 3/105 [ancient champion/bolt of negative energy (21)]
 46250 | Crypt:1  | Demolished by an ancient champion

Vault maps used:
D:1:      mainiacjoe_arrival_reflecting_pool, minmay_unequal
D:2:      uniq_jessica
D:3:      kennysheep_generic_room_12, uniq_iyjb
D:4:      minmay_temple_entry_poolview, first_bread, okawaru_trees_1
D:5:      serial_shops, nicolae_shop_trees, uniq_menkaure
D:6:      gup_sewer_entry_bubbles, uniq_eustachio
D:7:      basic_altar
D:8:      corexii_shack_village, minmay_lair_entry_grove
D:9:      erik_orc_2, serial_shops, shop, uniq_joseph
D:11:     hangedman_fish_farm
D:12:     serial_glass, glass_columns_b, glass_columns_c, glass_columns_a,
          glass_columns_a, glass_columns_b, glass_columns_b, glass_columns_a,
          glass_columns_b, glass_columns_c, glass_columns_a, glass_columns_a,
          glass_columns_c, glass_columns_a, glass_columns_a, uniq_josephine
D:13:     erik_vaults_2, serial_shops, shop, kennysheep_generic_room_15
D:14:     kennysheep_cross_bottleneck, basic_altar
D:15:     hangedman_depths_entry_try_elsewhere_first
Lair:1:   uniq_erica
Lair:2:   nicolae_swamp_entry_splash_gauntlet, portal_ice_cave_rime
Lair:3:   minmay_guarded_unrand_snakebite, dummy_snake_entry, minivault_11,
          uniq_urug
Lair:4:   kennysheep_rathole, grunt_megastairs_3, infiniplex_staircase_pool
Lair:5:   slime_dummy, uniq_rupert
Lair:6:   hangedman_lair_tendril_chambers
Swamp:1:  evilmike_swamp_ruin_house_4
Swamp:2:  evilmike_swamp_ruin_house_2
Swamp:3:  nicolae_swamp_orc_logging_accident
Swamp:4:  swamp_fiery, uniq_louise
Snake:1:  st_stairs_5, minmay_shoptagon
Snake:2:  serial_shops, shop
Snake:4:  snake_pit_salamanders_mu, st_stairs_8, grunt_ministairs_9,
          nicolae_large_snake_swirl, minmay_shop_grove, uniq_asterion
Orc:2:    grunt_orc_community_town_hall, grunt_orc_community_big_house_1,
          grunt_orc_community_big_house_2, grunt_orc_community_house_1,
          grunt_orc_community_house_2, grunt_orc_community_house_2,
          grunt_orc_community_house_1, grunt_orc_community_house_2,
          grunt_orc_community_house_3, serial_shops, nicolae_shop_behind_doors,
          basic_altar, uniq_maurice
Elf:1:    lightli_enter_wizlab_magi_temple, hangedman_corner_corridor
Elf:3:    minmay_elf_hall_curves, serial_shops, nicolae_shop_stone
Vaults:1: ontoclasm_vaults_misaligned, vaults_dpeg_diagonal,
          nicolae_vaults_theta, nicolae_vaults_specimen_jars, v_misc_16,
          v_misc_22, vaults_dpeg_spiral, ontoclasm_vaults_shuriken,
          serial_shops, shop, uniq_jorgrun, uniq_aizul
Vaults:2: nicolae_vaults_network_barrier, nicolae_vaults_back_hallway,
          v_misc_12, nicolae_vaults_ring_of_whatevers,
          hangedman_vaults_stretched_pinwheel, v_misc_15, nicolae_vaults_theta,
          nicolae_vaults_theta, vaults_room_hangedman_quadrants
Vaults:3: nicolae_vaults_ninety_degrees, nicolae_vaults_little_squares_6,
          v_misc_9, nicolae_vaults_border_crossing, vaults_room_octagon,
          v_misc_13, nicolae_vaults_bisected_exclaves,
          minmay_crypt_entry_necro_gods, nicolae_vaults_network_periphery,
          nicolae_vaults_windows_and_doors_thing, serial_shops,
          nicolae_shop_statue_plus, uniq_donald
Vaults:4: v_rooms_4, v_pattern_1, ontoclasm_vaults_ring_large,
          nicolae_vaults_network_square, v_misc_13, v_misc_16,
          vaults_standard_mumra_enter_the_diamond, nicolae_vaults_display_case,
          nicolae_vaults_diagonal_hallway_7, nicolae_vaults_mini_display_case,
          serial_shops, nicolae_shop_stone
Depths:1: enter_ziggurat_b, serial_shops, shop, hell_entry, kennysheep_nub,
          onia_ninara_cookie
Depths:2: kennysheep_oblong_rooms, hangedman_coc_ice_floe, serial_curves,
          eino_curves_04, eino_curves_01, abyss_entry
Depths:3: evilmike_silver_temple, grunt_pan_entry_sceptre,
          infiniplex_staircase_zigzag_3, grunt_hell_entry_dis_mu
Sewer:    sewer_minmay_w
IceCv:    ice_cave_small_dragons
WizLab:   wizlab_demon

Skill      XL: |  1  2  3  4  5  6  7  8  9 10 11 12 13 14 15 16 17 18 19 20 21 22 |
---------------+-------------------------------------------------------------------+-----
Long Blades    | 2 3 4 |  4.1
Stealth        | 1 2 3 8 |  8.4
Dodging        | 1 2 3 4 5 7 8 10 | 10.4
Short Blades   | 1 3 4 6 8 10 | 10.0
Throwing       | 1 2 3 4 5 |  5.0
Invocations    | 2 5 9 10 | 10.0
Fighting       | 3 4 5 6 7 |  7.2
Staves         | 1 |  1.7
Spellcasting   | 1 2 5 6 7 8 9 |  9.4
Necromancy     | 1 2 5 10 14 | 14.0
Evocations     | 3 9 10 | 10.0
Shields        | 3 6 11 14 15 | 15.1
Charms         | 2 3 4 |  4.0
Unarmed Combat | 2 |  2.6
Summonings     | 3 8 9 |  9.2
Air Magic      | 3 8 9 |  9.5
Maces & Flails | 1 7 8 |  8.7
Armour         | 3 5 9 13 | 13.3
Conjurations   | 1 2 |  2.2
Translocations | 1 2 |  2.4
Poison Magic   | 1 2 |  2.2
Ice Magic      | 5 |  5.1

Action                   |  1- 3 |  4- 6 |  7- 9 | 10-12 | 13-15 | 16-18 | 19-21 | 22-24 || total
-------------------------+-------+-------+-------+-------+-------+-------+-------+-------++-------
Melee: Long sword        |    43 |       |       |       |       |       |       |       ||    43
       Bite              |    13 |    58 |   125 |   329 |   902 |  1093 |  1297 |   418 ||  4235
       Short sword       |    12 |   187 |   379 |   611 |  1323 |  1342 |  1443 |   306 ||  5603
       Rapier            |       |     9 |       |    40 |       |       |       |       ||    49
       Lajatang          |       |       |     8 |    22 |       |       |       |       ||    30
       Dagger            |       |       |       |   171 |   192 |   495 |   469 |       ||  1327
       Punch             |       |       |       |     8 |       |       |       |       ||     8
       Headbutt          |       |       |       |   133 |   129 |       |       |       ||   262
       Whip              |       |       |       |       |    15 |       |       |       ||    15
       Unarmed           |       |       |       |       |   116 |       |    12 |       ||   128
       Demon whip        |       |       |       |       |       |       |   270 |   169 ||   439
       Eveningstar       |       |       |       |       |       |       |       |   187 ||   187
 Fire: Blowgun           |       |       |       |       |       |    29 |       |       ||    29
Throw: Javelin           |       |     7 |    20 |    14 |       |     1 |     6 |     1 ||    49
       Tomahawk          |       |       |     1 |    18 |     9 |    13 |       |       ||    41
 Cast: Animate Skeleton  |       |       |       |     4 |    37 |    13 |    20 |     2 ||    76
       Summon Lightning  |       |       |       |       |       |    49 |    35 |     5 ||    89
       Summon Ice Beast  |       |       |       |       |       |    20 |    14 |       ||    34
       Mephitic Cloud    |       |       |       |       |       |     1 |    12 |     7 ||    20
       Animate Dead      |       |       |       |       |       |       |    24 |     7 ||    31
       Death Channel     |       |       |       |       |       |       |       |     2 ||     2
Invok: Heroism           |       |       |     2 |     5 |     4 |     2 |     1 |     5 ||    19
 Abil: Evoke Invisibilit |       |       |       |       |     5 |     8 |     3 |     1 ||    17
Evoke: Wand              |       |     2 |     3 |     2 |     6 |    13 |     8 |     3 ||    37
       Lightning rod     |       |       |       |       |       |     8 |    20 |     4 ||    32
       Fan of gales      |       |       |       |       |       |       |     2 |       ||     2
       Box of beasts     |       |       |       |       |       |       |     2 |       ||     2
  Use: Potion            |       |     1 |     2 |    16 |     4 |     5 |     6 |     1 ||    35
       Scroll            |       |     1 |    12 |     8 |     9 |    21 |    11 |     8 ||    70
 Stab: Sleeping          |       |       |     1 |    11 |    50 |    20 |    10 |       ||    92
       Distracted        |       |       |       |     4 |     8 |    18 |    24 |     8 ||    62
       Invisible         |       |       |       |       |    15 |    29 |     2 |       ||    46
       Confused          |       |       |       |       |       |       |    19 |     5 ||    24
  Eat: Chunk             |       |     6 |     9 |    16 |    17 |    26 |    29 |       ||   103
       Bread ration      |       |       |       |     1 |     3 |     3 |     4 |     4 ||    15
       Fruit             |       |       |       |       |     1 |       |     1 |     2 ||     4
       Meat ration       |       |       |       |       |       |     3 |       |       ||     3
       Royal jelly       |       |       |       |       |       |     1 |       |     2 ||     3
Armor: Scale mail        |    22 |    49 |    87 |    89 |       |       |       |       ||   247
       Leather armour    |       |       |       |    10 |    81 |    65 |    44 |       ||   200
       Fire dragon scale |       |       |       |       |       |       |   193 |   162 ||   355
Dodge: Dodged            |    13 |    37 |   140 |   281 |   317 |   375 |   659 |   307 ||  2129
Block: Shield            |    35 |    60 |       |       |   777 |   979 |  1032 |   481 ||  3364
       Other             |       |       |     4 |    26 |       |       |       |       ||    30
       Reflection        |       |       |       |       |    17 |   110 |       |       ||   127
       Rpst.: Long sword |     5 |       |       |       |       |       |       |       ||     5
